 Dungeon Crawl Stone Soup version 0.32-a0-35-gd9ff480968 (webtiles) character file.

Game seed: 3120442525730095234

2163 thirtiethelement the Poker (level 9, -1/69 HPs)
             Began as a Demonspawn Berserker on Jan 22, 2024.
             Was an Elder of Trog.
             Slain by a killer bee (5 damage)
             ... on level 6 of the Dungeon.
             The game lasted 00:17:35 (4633 turns).

thirtiethelement the Poker (Demonspawn Berserker)   Turns: 4633, Time: 00:17:35

Health: -1/69      AC:  9    Str: 22    XL:     9   Next: 10%
Magic:  9/9        EV: 12    Int:  8    God:    Trog [****..]
Gold:   374        SH:  0    Dex: 18    Spells: 8/8 levels left

rFire   . . .        p - +0 war axe
rCold   . . .        (no shield)
rNeg    . . .        c - +1 ring mail
rPois   .            (no helmet)
rElec   .            (no cloak)
rCorr   .            (no gloves)
SInv    .            (no boots)
Will    ++...        s - amulet of magic regeneration
Stlth   +            j - ring of flight
HPRegen 1.31/turn    r - +6 ring of dexterity
MPRegen 0.51/turn

%: no passive effects
@: mighty, lethally poisoned (-1 -> -2), strong-willed, on berserk cooldown,
flying, regenerating, slowed, very slow
A: claws 1, thin metallic scales 1, powered by death 1, spiny 1
a: Renounce Religion, Berserk, Trog's Hand, Brothers in Arms


You were on level 6 of the Dungeon.
You worshipped Trog.
Trog was greatly pleased with you.
You visited 1 branch of the dungeon, and saw 6 of its levels.
You also visited: Ossuary.

You collected 539 gold pieces.
You spent 165 gold pieces at shops.

Inventory:

Hand Weapons
 g - a +2 dagger of protection
 n - a +2 whip of pain
 p - a +0 war axe (weapon)
 v - a +2 heavy flail
 w - a +4 halberd
 I - a +1 flail of protection
Missiles
 E - a throwing net (quivered)
Armour
 b - a +0 animal skin
 c - a +1 ring mail (worn)
Magical Staves
 i - a staff of fire
 q - a staff of cold
Jewellery
 j - a ring of flight (left claw)
 r - a +6 ring of dexterity (right claw)
 s - an amulet of magic regeneration (around neck)
 C - a +6 ring of intelligence
Wands
 u - a wand of roots (9)
 x - a wand of light (10)
 F - a wand of flame (15)
Scrolls
 a - 2 scrolls of enchant armour
 m - a scroll of noise
 o - 3 scrolls of blinking
 y - 2 scrolls of vulnerability
 A - 2 scrolls of teleportation
 G - a scroll of fear {unknown}
Potions
 d - 2 potions of magic {unknown}
 e - a potion of heal wounds
 f - 5 potions of might
 h - a potion of cancellation {unknown}
 k - 2 potions of berserk rage
 l - 2 potions of haste {unknown}
 t - 3 potions of curing
 z - 3 potions of lignification
 B - 3 potions of resistance {unknown}
 D - 2 potions of enlightenment {unknown}
 H - a potion of degeneration {unknown}


   Skills:
 + Level 5.8 Fighting
 + Level 1.3 Short Blades
 + Level 4.1(6.3) Axes
 + Level 2.6(3.8) Maces & Flails
 + Level 6.6(7.2) Polearms
 + Level 5.0 Armour
 + Level 3.0 Dodging
 + Level 1.7 Stealth


You had 8 spell levels left.
You didn't know any spells.
Your spell library contained the following spells:

 Spells                   Type           Power      Damage    Failure   Level
 Foxfire                  Conj/Fire      0%         2x1d4     56%         1
 Summon Ice Beast         Ice/Summ       0%         N/A       90%         3
 Volatile Blastmotes      Fire/Tloc      0%         2d10      90%         3
 Fulminant Prism          Conj/Alch      0%         3d5       100%        4
 Iskenderun's Mystic Bla  Conj/Tloc      0%         2d3       100%        4
 Summon Mana Viper        Hex/Summ       0%         N/A       100%        5
 Plasma Beam              Fire/Air       0%         2x1d10    100%        6
 Starburst                Conj/Fire      0%         6d3       100%        6
 Monstrous Menagerie      Summ           0%         N/A       100%        7


Dungeon Overview and Level Annotations

Branches:
Dungeon (6/15)             Temple (0/1) D:6         Ossuary (visited)

Altars:
Makhleb
Okawaru
Qazlal
Sif Muna
Uskayaw
Yredelemnul

Shops:
D:4 =   D:5 !

Annotations:
D:6 1 transporter, asd2613's ghost, novice DsFi


Innate Abilities, Weirdness & Mutations

You have sharp fingernails.
You are partially covered in thin metallic scales. (AC +2)
You regenerate a little health from kills.
You are partially covered in sharp spines.


Message History

The killer bee barely misses you.
The killer bee is struck by your spines.
The killer bee stings you. The queen bee is struck by your spines.
The queen bee stings you but does no damage.
The killer bee is struck by your spines.
The killer bee barely misses you.
The killer bee stings you but does no damage.
The killer bee closely misses you.
You fail to use your ability.
The killer bee barely misses you.
The killer bee is struck by your spines.
The killer bee closely misses you. x2; The killer bee barely misses you.
The killer bee stings you but does no damage.
The killer bee stings you.
The queen bee stings you but does no damage.
The killer bee is struck by your spines.
The killer bee stings you.
* * * LOW HITPOINT WARNING * * *
The queen bee stings you.
* * * LOW HITPOINT WARNING * * *
The killer bee stings you but does no damage.
The killer bee is struck by your spines.
You kill the killer bee!
Trog accepts your kill.
Your Armour skill increases to level 5!
Your ogre goes berserk!
The killer bee is struck by your spines.
The killer bee stings you!
* * * LOW HITPOINT WARNING * * *
You are poisoned.
The killer bee poisons you!
The killer bee is struck by your spines.
The killer bee barely misses you.
The killer bee is struck by your spines.
You kill the killer bee!
Trog accepts your kill.
The killer bee stings you but does no damage.
The queen bee stings you!
* * * LOW HITPOINT WARNING * * *
The killer bee stings you.
You die...

...## #..#####yyyy(#####..#......
....###.###y.W#yy.#...###.#......
.....##.##W.#.y###..#..##.##...#.
.....##.###.#!#. .#.#!###.##....#
.........##### #..#####.........
.....##.###...# ..#...###....###.
...).##.##..#.O###..#..##.....###
...)).#.###.#.#y†y#...###......##
...##....#####..@†.#####........#
..####....# ##########..........
### #..#.......©................
#..# ######................. #..#
######............ #..#
#.######..... #..# ##.# #####
######..## #..# #........#####
####.########


You could see a queen bee, a killer bee (ally target) and a friendly ogre
(summoned, berserk).

Vanquished Creatures
  A hornet (D:6)
  Grinder (D:6)
  An ogre (D:3)
  A phantom (D:5)
  A centaur (D:5)
  Blork the orc (D:5)
  4 killer bees (D:6)
  A bombardier beetle (D:6)
  10 bullfrog zombies (Ossuary)
  2 jellies
  A hound (D:6)
  4 orc priests (D:6)
  A gnoll bouda (D:5)
  A sleepcap (D:6)
  An iguana (D:5)
  2 orc wizards
  Ijyb (D:5)
  4 crocodile zombies (Ossuary)
  7 hound zombies
  3 mummies
  6 howler monkey zombies (Ossuary)
  8 gnolls
  9 adders
  2 white imps (D:5)
  2 ufetubi (D:5)
  2 adder zombies (D:4)
  A dart slug (D:3)
  2 ribbon worms
  15 orcs
  4 bats
  4 endoplasms
  2 giant cockroaches
  18 goblins
  5 hobgoblins
  3 jackals (D:3)
  8 quokkas
  10 ball pythons
  8 ball python zombies (Ossuary)
  2 frilled lizards
  2 goblin zombies (D:5)
  4 kobolds
  A rat (D:2)
166 creatures vanquished.

Notes
Turn   | Place    | Note
-------+----------+-------------------------------------------
     0 | D:1      | thirtiethelement the Demonspawn Berserker began the quest
                  | for the Orb.
     0 | D:1      | Reached XP level 1. HP: 18/18 MP: 1/1
   148 | D:1      | Noticed a glass eye
   150 | D:1      | Noticed an eye of devastation
   152 | D:1      | Found a faded altar of an unknown god.
   153 | D:1      | Noticed an eye of devastation
   153 | D:1      | Noticed a great orb of eyes
   192 | D:1      | Gained mutation: You have sharp fingernails. [demonic
                  | ancestry]
   192 | D:1      | Reached XP level 2. HP: 22/24 MP: 2/2
   649 | D:2      | Gained mutation: You regenerate a little health from kills.
                  | [demonic ancestry]
   649 | D:2      | Reached XP level 3. HP: 27/29 MP: 3/3
   664 | D:2      | Found a stormy altar of Qazlal.
   692 | D:2      | Reached ** piety under Trog
  1571 | D:3      | Gained mutation: You are partially covered in sharp spines.
                  | [demonic ancestry]
  1571 | D:3      | Reached XP level 4. HP: 35/35 MP: 4/4
  1991 | D:3      | Noticed an ogre
  1999 | D:3      | Reached skill level 1 in Short Blades
  2008 | D:3      | HP: 2/54 [ogre/+0 giant club (31)]
  2009 | D:3      | Killed an ogre
  2010 | D:3      | Reached skill level 1 in Maces & Flails
  2010 | D:3      | Gained mutation: You are partially covered in thin metallic
                  | scales. (AC +2) [demonic ancestry]
  2010 | D:3      | Reached XP level 5. HP: 3/42 MP: 5/5
  2256 | D:4      | Found a basalt altar of Yredelemnul.
  2378 | D:4      | Reached *** piety under Trog
  2458 | D:4      | Reached XP level 6. HP: 11/48 MP: 6/6
  2647 | D:4      | Found Joutitwi's Jewellery Shop.
  2708 | D:4      | Found a burning altar of Makhleb.
  2708 | D:4      | Found a shimmering blue altar of Sif Muna.
  2708 | D:4      | Found an iron altar of Okawaru.
  2878 | D:4      | Found a hide-covered altar of Uskayaw.
  3028 | D:5      | Entered Level 5 of the Dungeon
  3038 | D:5      | Found Buckycko's Distillery.
  3045 | D:5      | Noticed Blork the orc
  3046 | D:5      | Bought a potion of heal wounds for 55 gold pieces
  3046 | D:5      | Bought a potion of lignification for 33 gold pieces
  3046 | D:5      | Bought a potion of curing for 33 gold pieces
  3046 | D:5      | Bought a potion of might for 44 gold pieces
  3055 | D:5      | Killed Blork the orc
  3058 | D:5      | Reached skill level 1 in Polearms
  3228 | D:5      | Noticed Ijyb
  3232 | D:5      | Killed Ijyb
  3239 | D:5      | Found a sand-covered staircase.
  3244 | D:5      | Reached XP level 7. HP: 37/55 MP: 7/7
  3246 | Ossuary  | Entered an ossuary
  3337 | Ossuary  | Reached skill level 2 in Polearms
  3369 | Ossuary  | Reached **** piety under Trog
  3397 | Ossuary  | Reached skill level 3 in Polearms
  3419 | Ossuary  | Reached skill level 5 in Fighting
  3601 | Ossuary  | Reached skill level 4 in Polearms
  3601 | Ossuary  | Reached XP level 8. HP: 57/62 MP: 8/8
  3837 | D:5      | Reached skill level 5 in Polearms
  4213 | D:6      | Noticed Grinder
  4213 | D:6      | Paralysed by Grinder for 4 turns
  4224 | D:6      | Killed Grinder
  4225 | D:6      | Reached skill level 1 in Stealth
  4325 | D:6      | Reached skill level 6 in Polearms
  4383 | D:6      | Noticed a hornet
  4472 | D:6      | Found a staircase to the Ecumenical Temple.
  4508 | D:6      | Found a transporter.
  4517 | D:6      | Reached ***** piety under Trog
  4525 | D:6      | Found a transporter.
  4525 | D:6      | Noticed a queen bee
  4595 | D:6      | Noticed asd2613's ghost (novice DsFi)
  4625 | D:6      | Killed a hornet
  4626 | D:6      | Reached XP level 9. HP: 15/69 MP: 9/9
  4633 | D:6      | Reached skill level 5 in Armour
  4633 | D:6      | Slain by a killer bee

Illustrated notes

Levels and vault maps discovered:
D:1:      arrival_zaba_pyramid, layout_basic,
          hellmonk_ecumenical_altar_watching_god, minmay_tetromino_s2
D:2:      layout_loops_ring, basic_altar, minmay_crystal_water, minmay_3d_cube
D:3:      layout_basic, minmay_ogre_servants
D:4:      layout_gridville, nicolae_yredelemnul_corpse_copse,
          lemuel_doored_altar, chequers_temple_overflow_statue_of_worship,
          serial_shops, nicolae_shop_pleasant_corner_grove
D:5:      layout_gridville, serial_shops, nicolae_diamond_shop,
          nicolae_ossuary_entry_giza, uniq_ijyb, uniq_blork_the_orc
D:6:      layout_cave_pods, minmay_temple_entry_offerings, gammafunk_ghost_hive,
          uniq_grinder

Skill      XL: |  1  2  3  4  5  6  7  8  9 |
---------------+----------------------------+-----
Axes           | 3 4 |  4.1
Armour         | 2 3 4 5 |  5.0
Dodging        | 2 3 |  3.0
Short Blades   | 1 |  1.3
Maces & Flails | 1 2 |  2.6
Fighting       | 4 5 |  5.8
Polearms       | 1 4 6 |  6.6
Stealth        | 1 |  1.7

Action                     |  1- 3 |  4- 6 |  7- 9 || total
---------------------------+-------+-------+-------++-------
  Melee: Hand axe          |   102 |       |       ||   102
         Dagger            |    33 |       |       ||    33
         Whip              |     7 |    83 |       ||    90
         Punch             |       |     1 |       ||     1
         War axe           |       |     4 |    13 ||    17
         Halberd           |       |    43 |   168 ||   211
 Invoke: Berserk           |     1 |     3 |     1 ||     5
         Trog's Hand       |       |       |     1 ||     1
         Brothers in Arms  |       |       |     1 ||     1
  Evoke: Wand              |       |       |     1 ||     1
    Use: Scroll            |     2 |     5 |     4 ||    11
         Potion            |       |       |     4 ||     4
   Stab: Distracted        |       |       |     1 ||     1
         Sleeping          |       |       |     2 ||     2
 Armour: Ring mail         |    88 |    66 |   128 ||   282
  Dodge: Dodged            |    97 |    65 |   106 ||   268

Table legend: (Time is in decaauts)
 A = Elapsed time spent in this place.
 B = Non-inter-level travel time spent in this place.
 C = Inter-level travel time spent in this place.
 D = Time resting spent in this place.
 E = Time spent auto-exploring this place.
 F = Levels seen in this place.
 G = Mean time per level.
                   A        B        C        D        E       F      G
               +--------+--------+--------+--------+--------+-----+--------+
         Total |   4750 |   4650 |    100 |    227 |   2972 |   7 |  678.6 |
       Dungeon |   4252 |   4152 |    100 |     82 |   2972 |   6 |  708.7 |
       Ossuary |    497 |    497 |      0 |    145 |      0 |   1 |  497.0 |
               +--------+--------+--------+--------+--------+-----+--------+

Top non-repeatable levels by time:
     D:2: 871 daAuts
     D:4: 818 daAuts
     D:3: 811 daAuts
     D:5: 621 daAuts
     D:1: 566 daAuts
     D:6: 563 daAuts
 Ossuary: 497 daAuts
